 Dungeon Crawl Stone Soup version 0.28.0 (webtiles) character file.

Game seed: 14330862696268066445

516 Kold the Insei (level 7, 0/46 HPs)
             Began as a Demonspawn Monk on Feb 10, 2022.
             Was an Elder of Hepliaklqana.
             Killed by divine providence
             ... invoked by an orc priest
              (13 damage)
             ... on level 4 of the Dungeon.
             The game lasted 00:05:56 (4273 turns).

Kold the Insei (Demonspawn Monk)                    Turns: 4273, Time: 00:05:56

Health: 0/46       AC:  6    Str: 19    XL:     7   Next: 0%
Magic:  9/9        EV: 13    Int:  7    God:    Hepliaklqana [****..]
Gold:   113        SH:  0    Dex: 17    Spells: 6/6 levels left

rFire   . . .      SeeInvis .     - Unarmed
rCold   + . .      Faith    .   (no shield)
rNeg    . . .      Spirit   .   a - +2 robe of the Robin {Will++ Str+8 Int-5 Stlth+}
rPois   .          Reflect  .   (helmet restricted)
rElec   .          Harm     .   (no cloak)
rCorr   .          Rampage  .   (no gloves)
Will    ++...                   (no boots)
Stlth   +++.......              (no amulet)
HPRegen 0.15/turn               e - ring of protection from cold
MPRegen 0.11/turn               (no ring)

@: no status effects
A: reduced essence, horns 2, thin metallic scales 1, ignite blood 1, powered by
pain 1
a: Renounce Religion, Recall Ancestor, Ancestor Identity, Transference, Idealise


You were on level 4 of the Dungeon.
You worshipped Hepliaklqana.
Hepliaklqana was greatly pleased with you.
You visited 1 branch of the dungeon, and saw 4 of its levels.

You collected 113 gold pieces.

Inventory:

Missiles
 k - 3 throwing nets (quivered)
Armour
 a - the +2 robe of the Robin (worn) {Will++ Str+8 Int-5 Stlth+}
   (You found it on level 4 of the Dungeon)

   Str:       It affects your strength (+8).
   Int:       It affects your intelligence (-5).
   Will:      It greatly increases your willpower.
   Stlth:     It makes you more stealthy.
 o - a +2 robe of cold resistance
Jewellery
 e - a ring of protection from cold (left hand)
Wands
 g - a wand of paralysis (9)
Scrolls
 c - 2 scrolls of magic mapping {unknown}
 h - 2 scrolls of identify {unknown}
 i - 2 scrolls of fog {unknown}
 l - a scroll of summoning {unknown}
 m - a scroll of enchant weapon {unknown}
 n - a scroll of torment {unknown}
 p - a scroll of enchant armour {unknown}
Potions
 b - a potion of degeneration {unknown}
 d - 2 potions of attraction {unknown}
 f - a potion of ambrosia {unknown}
 j - 3 potions of magic {unknown}


   Skills:
 - Level 3.0 Fighting
 - Level 3.0 Dodging
 - Level 2.0 Stealth
 + Level 6.5 Unarmed Combat
 + Level 3.9 Invocations


You had 6 spell levels left.
You didn't know any spells.
Your spell library contained the following spells:

 Spells                   Type           Power      Damage    Failure   Level
 Sandblast                Erth           0%         2d4       43%         1
 Corpse Rot               Necr/Air       0%         N/A       56%         2
 Ensorcelled Hibernation  Hex/Ice        0%         N/A       56%         2
 Passwall                 Tmut/Erth      0%         N/A       56%         2
 Poisonous Vapours        Pois/Air       0%         N/A       56%         2
 Stone Arrow              Conj/Erth      0%         3d7       80%         3
 Swiftness                Air            0%         N/A       80%         3
 Animate Armour           Summ/Erth      0%         N/A       99%         4
 Blade Hands              Tmut           0%         N/A       100%        5
 Iron Shot                Conj/Erth      0%         9d1       100%        6


Dungeon Overview and Level Annotations

Branches:
Dungeon (4/15)
 Temple: D:4-7

Altars:
Hepliaklqana

Shops:
D:3 *


Innate Abilities, Weirdness & Mutations

Your life essence is reduced to manifest your ancestor. (-10% HP)
You have a pair of horns on your head.
You are partially covered in thin metallic scales. (AC +2)
Your demonic aura sometimes causes spilled blood to erupt in flames.
You sometimes gain a little power by taking damage.


Message History

No target in view!
No target in view!
No target in view!
You now have 113 gold pieces (gained 13).
You see here a +0 quarterstaff.
An orc comes into view. It is wielding a +0 flail.
An orc is nearby!
An orc is nearby!
An orc and 2 orc priests come into view.
The orc priest shouts!
The orc shouts! x2; You hear a shout!
The orc priest shouts!
An orc comes into view.
It is wielding a +3 hand axe of freezing.
The orc shouts!
You hit the orc.
The orc is heavily wounded.
The orc misses you.
The orc priest hits you from afar with a +0 trident.
You hit the orc.
The orc is severely wounded.
The orc hits you but does no damage.
The orc priest hits you from afar with a +0 trident.
Kaya casts a spell at the orc.
The puff of frost hits the orc!
The orc dies!
You have reached level 7!
Kaya remembers more of their old skill.
You barely miss the orc.
The orc priest invokes the aid of Beogh against you.
Beogh smites you!
The orc priest invokes the aid of Beogh against you.
Beogh smites you! The orc hits you with a +0 flail.
* * * LOW HITPOINT WARNING * * *
Kaya gestures at the orc while chanting.
The puff of frost hits the orc!
The orc dies!
The orc priest begins to cast a cantrip, but forgets the words!
The orc barely misses Kaya.
The orc priest mumbles some strange prayers to Beogh against you.
Beogh smites you!
You die...

......###..#.........###...#..###
.......#....##.......#..........#
#...........###..................
.......#..........#..............
.......#....#.#..................
.......#....######...............
............# ##..........#......
>.......†....##)...#......######.
...#..###.......@#####..... #..
......# ##.####.R# ##..#.. #..
#<...## ... ##o# .##[.. ###
...... ......)oo......# #..####
.###.. ............... ....#.. .
##.. ............... .......
........##.##.. .....<.
.........#... ..........
...........### ..........


You could see the friendly Kaya the battlemage, 2 orc priests and an orc.

Vanquished Creatures
  A phantom (D:4)
  A hound (D:4)
  Robin (D:3)
  4 gnolls
  2 adders (D:2)
  3 worms (D:3)
  2 dart slugs
  4 ball pythons
  9 endoplasms
  A giant cockroach (D:4)
  6 hobgoblins
  4 jackals (D:1)
  7 quokkas
  5 bats
  A frilled lizard (D:1)
  8 goblins
  7 kobolds
  5 rats
71 creatures vanquished.

Vanquished Creatures (collateral kills)
  Sigmund (D:3)
  A scorpion (D:4)
  Jessica (D:3)
  An adder (D:4)
  A worm (D:4)
  2 orcs (D:4)
  A bat (D:3)
  2 hobgoblins
  2 quokkas
  2 ball pythons (D:2)
  3 goblins (D:3)
  5 kobolds
  2 rats
24 creatures vanquished.

Vanquished Creatures (others)
  A battlemage (D:1)
1 creature vanquished.

Grand Total: 96 creatures vanquished

Notes
Turn   | Place    | Note
-------+----------+-------------------------------------------
     0 | D:1      | Kold the Demonspawn Monk began the quest for the Orb.
     0 | D:1      | Reached XP level 1. HP: 18/18 MP: 1/1
   386 | D:1      | Reached skill level 3 in Unarmed Combat
   386 | D:1      | Gained mutation: You have a pair of small horns on your
                  | head. [demonic ancestry]
   386 | D:1      | Reached XP level 2. HP: 16/24 MP: 2/2
   594 | D:1      | Found a faded altar of an unknown god.
   646 | D:1      | Prayed at the altar of an unknown god.
   646 | D:1      | Became a worshipper of Hepliaklqana the Forgotten
   646 | D:1      | Reached * piety under Hepliaklqana
   646 | D:1      | Reached ** piety under Hepliaklqana
   647 | D:1      | Remembered your ancestor Kaya as a battlemage
   876 | D:1      | Gained mutation: You have a pair of horns on your head.
                  | [demonic ancestry]
   876 | D:1      | Reached XP level 3. HP: 10/26 MP: 3/3
  1545 | D:2      | Reached *** piety under Hepliaklqana
  1906 | D:2      | You fall into a shaft and drop 2 floors!
  1931 | D:4      | Reached skill level 4 in Unarmed Combat
  2024 | D:4      | Gained mutation: Your demonic aura sometimes causes spilled
                  | blood to erupt in flames. [demonic ancestry]
  2024 | D:4      | Reached XP level 4. HP: 29/31 MP: 1/4
  2154 | D:3      | Noticed Jessica
  2154 | D:3      | Found Kofosou's General Store.
  2155 | D:3      | Killed Jessica
  2196 | D:3      | Noticed Robin
  2207 | D:3      | Killed Robin
  2208 | D:3      | Reached skill level 5 in Unarmed Combat
  2208 | D:3      | Gained mutation: You are partially covered in thin metallic
                  | scales. (AC +2) [demonic ancestry]
  2208 | D:3      | Reached XP level 5. HP: 22/36 MP: 5/5
  3280 | D:3      | Reached **** piety under Hepliaklqana
  3723 | D:3      | Noticed Sigmund
  3730 | D:3      | Killed Sigmund
  3731 | D:3      | Reached skill level 6 in Unarmed Combat
  3731 | D:3      | Gained mutation: You sometimes gain a little power by
                  | taking damage. [demonic ancestry]
  3731 | D:3      | Reached XP level 6. HP: 42/42 MP: 5/8
  3978 | D:4      | Identified the +2 robe of the Robin {Will++ Str+8 Int-5
                  | Stlth+}
  4271 | D:4      | Reached XP level 7. HP: 40/46 MP: 9/9
  4273 | D:4      | Killed from afar by an orc priest

Illustrated notes

Levels and vault maps discovered:
D:1:      scummos_arrival_hexagon, layout_loops_ring, basic_ecumenical_altar,
          corexii_item_surrounded_by_moat, minivault_24
D:2:      layout_loops_corners, minmay_split_cup_large
D:3:      layout_loops_cross, serial_shops, shop, uniq_sigmund, uniq_jessica,
          uniq_robin
D:4:      layout_cave_pools

Skill      XL: |  1  2  3  4  5  6 |
---------------+-------------------+-----
Stealth        | 2 |  2.0
Dodging        | 3 |  3.0
Unarmed Combat | 3 4 5 6 |  6.5
Invocations    | 2 3 |  3.9
Fighting       | |  3.0

Action                   |  1- 3 |  4- 6 |  7- 9 || total
-------------------------+-------+-------+-------++-------
Melee: Unarmed           |    98 |    97 |     1 ||   196
       Headbutt          |     6 |    19 |       ||    25
       Punch             |     1 |     5 |       ||     6
Invok: Ancestor Life: Ba |     1 |       |       ||     1
       Ancestor Identity |     1 |       |       ||     1
       Recall Ancestor   |     1 |       |       ||     1
 Stab: Sleeping          |     5 |     8 |       ||    13
       Distracted        |       |     1 |       ||     1
Armor: Robe              |     8 |    14 |       ||    22
Dodge: Dodged            |    71 |    49 |       ||   120
